General information
- name: BNet
- type: Ladder team game (AT/RT)
- host: Battle.net
- saver: 1st_Panzer_Div.
map: Goldshire
- players: 4
- length: 14:02
- speed: Fast
- version: 1.24 W3XP
- replay type: Public
» download(78 KB)
Players
team 1 (winner)
1st_Panzer_Div. (
orange | 106 APM | 1495 actions | 14:02)
3 Death Knight
2 Death Coil
1 Unholy Aura
2 Lich
1 Frost Nova
1 Dark Ritual
» actions
| Assign group hotkey | 164 | |
| Basic commands | 188 | |
| Build / train | 42 | |
| Enter build submenu | 19 | |
| Enter hero's abilities submenu | 5 | |
| Remove unit from queue | 1 | |
| Right click | 322 | |
| Select / deselect | 226 | |
| Select group hotkey | 457 | |
| Use ability | 70 | |
1495 total
» units
| Acolyte | 2 | |
| Ghoul | 4 | |
| Crypt Fiend | 6 | |
| Necromancer | 4 | |
| Obsidian Statue | 2 | |
| Banshee | 3 | |
21 total
» upgrades
| Unholy Strength | 1 | |
| Exhume Corpses | 1 | |
| Skeletal Longevity | 1 | |
| Necromancer Training | 1 | |
| Burrow | 1 | |
| Banshee Training | 2 | |
| Unholy Armor | 1 | |
8 total
» buildings
| Altar of Darkness | 1 | |
| Ziggurat | 6 | |
| Crypt | 1 | |
| Graveyard | 1 | |
| Nerubian Tower | 2 | |
| Tomb of Relics | 1 | |
| Halls of the Dead | 1 | |
| Temple of the Damned | 2 | |
| Slaughterhouse | 1 | |
| Black Citadel | 1 | |
17 total
» build order
00:22 Altar of Darkness
00:26 Ziggurat
00:34 Crypt
01:06 Graveyard
01:25 Ziggurat
01:31 Nerubian Tower
01:40 Tomb of Relics
04:22 Halls of the Dead
04:31 Nerubian Tower
05:06 Ziggurat
06:31 Ziggurat
07:03 Temple of the Damned
07:04 Slaughterhouse
09:13 Ziggurat
11:03 Black Citadel
12:13 Temple of the Damned
12:23 Ziggurat
» items
first_time (
teal | 67 APM | 943 actions | 14:01)
3 Archmage
2 Summon Water Elemental
1 Brilliance Aura
3 Mountain King
2 Storm Bolt
1 Bash
» actions
| Basic commands | 22 | |
| Build / train | 56 | |
| Enter build submenu | 20 | |
| Enter hero's abilities submenu | 6 | |
| Right click | 519 | |
| Select / deselect | 266 | |
| Use ability | 54 | |
943 total
» units
| Peasant | 8 | |
| Footman | 10 | |
| Mortar Team | 7 | |
| Sorceress | 4 | |
29 total
» upgrades
| Masonry | 1 | |
| Magic Sentry | 1 | |
| Flare | 1 | |
| Fragmentation Shards | 1 | |
| Sorceress Training | 1 | |
| Gunpowder | 1 | |
6 total
» buildings
| Altar of Kings | 1 | |
| Farm | 9 | |
| Barracks | 1 | |
| Scout Tower | 1 | |
| Arcane Tower | 3 | |
| Keep | 1 | |
| Arcane Vault | 1 | |
| Blacksmith | 1 | |
| Lumber Mill | 1 | |
| Arcane Sanctum | 2 | |
| Workshop | 1 | |
| Guard Tower | 2 | |
| Castle | 1 | |
25 total
» build order
00:16 Altar of Kings
00:21 Farm
00:29 Barracks
01:01 Farm
01:34 Scout Tower
01:45 Farm
02:08 Arcane Tower
02:09 Arcane Tower
03:12 Keep
03:39 Farm
03:43 Arcane Vault
04:00 Blacksmith
05:23 Lumber Mill
05:51 Arcane Sanctum
06:12 Arcane Sanctum
06:24 Workshop
06:39 Guard Tower
07:01 Guard Tower
07:15 Farm
07:22 Farm
08:11 Castle
09:00 Farm
09:25 Farm
11:09 Farm
» items
| Scroll of Regeneration | 2 | |
| Ivory Tower | 2 | |
| Scroll of Healing | 1 | |
| Scroll of Protection | 1 | |
6 total
team 2 (loser)
Kamik (
blue | 82 APM | 1146 actions | 14:00)
3 Blademaster
2 Wind Walk
1 Critical Strike
2 Shadow Hunter
1 Hex
1 Healing Wave
» actions
| Assign group hotkey | 84 | |
| Basic commands | 168 | |
| Build / train | 38 | |
| Enter build submenu | 13 | |
| Enter hero's abilities submenu | 5 | |
| Right click | 411 | |
| Select / deselect | 187 | |
| Select group hotkey | 200 | |
| Use ability | 40 | |
1146 total
» units
| Peon | 7 | |
| Grunt | 7 | |
| Raider | 3 | |
| Spirit Walker | 1 | |
| Demolisher | 2 | |
| Kodo Beast | 1 | |
21 total
» upgrades
| Berserker Strength | 1 | |
| Ensnare | 1 | |
| Spirit Walker Training | 1 | |
| Pillage | 1 | |
4 total
» buildings
| Altar of Storms | 1 | |
| Orc Burrow | 6 | |
| Barracks | 1 | |
| Voodoo Lounge | 1 | |
| Stronghold | 1 | |
| Beastiary | 1 | |
| Spirit Lodge | 1 | |
| War Mill | 1 | |
| Fortress | 1 | |
14 total
» build order
00:06 Altar of Storms
00:08 Orc Burrow
00:31 Barracks
01:31 Orc Burrow
02:00 Voodoo Lounge
03:28 Stronghold
04:01 Orc Burrow
05:52 Beastiary
05:53 Spirit Lodge
06:24 Orc Burrow
07:23 War Mill
09:29 Orc Burrow
10:16 Fortress
11:23 Orc Burrow
» items
| Healing Salve | 2 | |
| Boots of Speed | 1 | |
| Staff of Teleportation | 1 | |
4 total
noodlebut (
yellow | 75 APM | 1040 actions | 13:52)
2 Demon Hunter
1 Mana Burn
1 Evasion
2 Pandaren Brewmaster
1 Drunken Haze
1 Breath of Fire
» actions
| Assign group hotkey | 29 | |
| Basic commands | 31 | |
| Build / train | 43 | |
| Enter build submenu | 12 | |
| Enter hero's abilities submenu | 4 | |
| Give item / drop item | 1 | |
| Right click | 398 | |
| Select / deselect | 212 | |
| Select group hotkey | 265 | |
| Use ability | 45 | |
1040 total
» units
| Wisp | 14 | |
| Huntress | 3 | |
| Dryad | 2 | |
| Druid of the Claw | 2 | |
21 total
» upgrades
| Ultravision | 1 | |
| Abolish Magic | 1 | |
| Druid of the Claw Training | 2 | |
| Strength of the Wild | 1 | |
5 total
» buildings
| Altar of Elders | 1 | |
| Moon Well | 5 | |
| Ancient of War | 1 | |
| Hunter's Hall | 1 | |
| Tree of Ages | 1 | |
| Tree of Eternity | 1 | |
| Ancient of Lore | 2 | |
| Tree of Life | 1 | |
13 total
» build order
00:06 Altar of Elders
00:17 Moon Well
01:37 Ancient of War
01:45 Hunter's Hall
02:01 Moon Well
02:56 Tree of Ages
04:02 Moon Well
05:42 Tree of Eternity
05:44 Ancient of Lore
06:19 Ancient of Lore
08:43 Moon Well
09:46 Moon Well
11:18 Tree of Life
» items
| Boots of Speed | 3 | |
| Scroll of Town Portal | 2 | |
| Healing Salve | 1 | |
6 total
Chat log
(00:04 / Allies) 1st_Panzer_Div.: we got this ez
(00:08 / Allies) 1st_Panzer_Div.: magic mortar
(00:12 / Allies) 1st_Panzer_Div.: and we can do that
(00:39 / Allies) first_time: what race ?
(00:42 / Allies) 1st_Panzer_Div.: orc ne
(00:44 / Allies) 1st_Panzer_Div.: so they harass
(00:46 / Allies) first_time: ok
(00:50 / Allies) 1st_Panzer_Div.: we live and magic mortar and do that gay hall thing
(01:53 / Allies) 1st_Panzer_Div.: just watch for a good harass this game
(01:54 / Allies) first_time: wisp
(02:01 / Allies) 1st_Panzer_Div.: ahh
(02:06 / Allies) 1st_Panzer_Div.: was gonna say hit it once more
(02:24 / Allies) 1st_Panzer_Div.: I feel kotg is coming
(02:36 / Allies) 1st_Panzer_Div.: nope
(02:39 / Allies) 1st_Panzer_Div.: I am happily wrong
(02:44 / Allies) 1st_Panzer_Div.: watch am
(02:55 / Allies) 1st_Panzer_Div.: nice
(03:05 / Allies) 1st_Panzer_Div.: t1 and grunts
(03:14 / Allies) 1st_Panzer_Div.: get him low
(03:19 / Allies) 1st_Panzer_Div.: I got it
(03:22 / Allies) 1st_Panzer_Div.: NE techer
(03:23 / Allies) first_time: wow
(03:27 / Allies) first_time: he got exp tome
(03:32 / Allies) first_time: but still 1
(03:58 / Allies) 1st_Panzer_Div.: no idea
(04:05 / Allies) 1st_Panzer_Div.: where the hell
(04:09 / Allies) 1st_Panzer_Div.: he went
(04:14 / Allies) 1st_Panzer_Div.: hunts grunts and NE is techer
(04:47 / Allies) 1st_Panzer_Div.: gay
(04:54 / Allies) 1st_Panzer_Div.: you cna't move
(05:00 / Allies) 1st_Panzer_Div.: watch foot
(05:43 / Allies) 1st_Panzer_Div.: they are good
(05:56 / Allies) 1st_Panzer_Div.: go for taht one
(06:02 / Allies) 1st_Panzer_Div.: ahh hell
(06:04 / Allies) 1st_Panzer_Div.: build
(06:14 / Allies) 1st_Panzer_Div.: arcane in back?
(06:44 / Allies) 1st_Panzer_Div.: they're there I bet
(08:14 / Allies) 1st_Panzer_Div.: yeah!
(08:35 / Allies) 1st_Panzer_Div.: mortars they're doing some shit
(08:51 / Allies) 1st_Panzer_Div.: but we can easily cut in his base and hall kill
(09:02 / Allies) 1st_Panzer_Div.: plus we're still out creepin
(09:35 / Allies) 1st_Panzer_Div.: shrae control plz
(09:40 / Allies) first_time: no expo but cleared
(09:45 / Allies) 1st_Panzer_Div.: they'll creep red soon I bet
(09:52 / Allies) 1st_Panzer_Div.: cut that some
(09:57 / Allies) 1st_Panzer_Div.: not quite all teh way yet
(10:03 / Allies) 1st_Panzer_Div.: but get ready to
(10:07 / Allies) 1st_Panzer_Div.: no the part there
(10:56 / Allies) 1st_Panzer_Div.: they see necs
(11:20 / Allies) 1st_Panzer_Div.: cut?
(11:23 / Allies) first_time: yea
(11:29 / Allies) first_time: they going to u
(11:35 / Allies) 1st_Panzer_Div.: yeah I'll hit them and you can tp
(11:38 / Allies) 1st_Panzer_Div.: let em do no magic
(12:01 / Allies) 1st_Panzer_Div.: haha
(12:08 / Allies) 1st_Panzer_Div.: wow uber mass wisp
(12:54 / Allies) 1st_Panzer_Div.: tp
(12:59 / Allies) first_time: k
(13:04 / Allies) 1st_Panzer_Div.: wiat
(13:05 / Allies) 1st_Panzer_Div.: no
(13:08 / Allies) 1st_Panzer_Div.: get his hall
(13:40 / Allies) 1st_Panzer_Div.: Bm gone
(13:50 / All) 1st_Panzer_Div.: Gg
(13:55 / Allies) 1st_Panzer_Div.: suicide
(13:59 / Allies) 1st_Panzer_Div.: I lost 2 fiends